 Dungeon Crawl Stone Soup version 0.27-a0-828-g8289197e94 (webtiles) character file.

Game seed: 14995881099385730582

66 snetch the Chopper (level 4, -3/40 HPs)
             Began as a Hill Orc Monk on Mar 30, 2021.
             Slain by a sky beast (6 damage)
             ... on level 5 of the Dungeon.
             The game lasted 00:05:00 (1959 turns).

snetch the Chopper (Hill Orc Monk)                  Turns: 1959, Time: 00:05:01

Health: -3/40      AC:  6    Str: 14    XL:     4   Next: 15%
Magic:  4/4        EV: 10    Int: 10    God:
Gold:   90         SH:  0    Dex: 13    Spells: 3/3 levels left

rFire    . . .     SeeInvis .   a - +0 hand axe
rCold    + . .     Faith    .   (no shield)
rNeg     . . .     Spirit   .   s - +0 scale mail
rPois    +         Reflect  .   (no helmet)
rElec    .         Harm     .   (no cloak)
rCorr    .         Rampage  .   (no gloves)
Will     .....                  (no boots)
Stlth    +.........             b - amulet of magic regeneration
HPRegen  0.13/turn              c - ring of protection from cold
MPRegen  0.34/turn              h - ring of poison resistance

@: no status effects
A: no striking features
a: no special abilities


You were on level 5 of the Dungeon.
You visited 1 branch of the dungeon, and saw 5 of its levels.

You collected 90 gold pieces.

Inventory:

Hand Weapons
 a - a +0 hand axe (weapon)
Missiles
 j - 53 stones (quivered)
 n - 14 poisoned darts
 o - 24 bolts
 r - 11 sling bullets
Armour
 k - a +0 plate armour
 m - a +0 chain mail
 s - a +0 scale mail (worn)
 t - the +1 scale mail "Cuh Zoig" {+Fly rF+ rC-}
   (You found it on level 5 of the Dungeon)

   It protects you from fire.
   It makes you vulnerable to cold.
   It grants you flight.
Jewellery
 b - an amulet of magic regeneration (around neck)
 c - a ring of protection from cold (left hand)
 h - a ring of poison resistance (right hand)
Scrolls
 d - a scroll of teleportation {unknown}
 f - a scroll of noise {unknown}
 l - a scroll of identify {unknown}
 q - a scroll of fear {unknown}
Potions
 e - a potion of attraction {unknown}
 g - a potion of degeneration {unknown}
 i - a potion of curing
 p - a potion of flight {unknown}


   Skills:
 + Level 4.3 Fighting
 + Level 5.1 Axes
 + Level 2.8 Dodging
 + Level 2.0 Stealth


You had 3 spell levels left.
You didn't know any spells.
Your spell library was empty.

Dungeon Overview and Level Annotations

Branches:
Dungeon (5/15)
 Temple: D:4-7

Altars:


Message History

The sky beast is heavily wounded.
The sky beast hits you but does no damage.
You hit the sky beast.
The sky beast is heavily wounded.
The sky beast barely misses you.
You miss the sky beast.
The sky beast is heavily wounded.
The sky beast barely misses you.
You hit the sky beast but do no damage.
The sky beast is heavily wounded.
The sky beast hits you. The sky beast shocks you.
You hit the sky beast.
The sky beast is heavily wounded.
The sky beast closely misses you.
You hit the sky beast.
The sky beast is heavily wounded.
The sky beast hits you. The sky beast shocks you.
You hit the sky beast.
The sky beast is heavily wounded.
The sky beast hits you. The sky beast shocks you.
* * * LOW HITPOINT WARNING * * *
You hit the sky beast.
The sky beast is severely wounded.
The sky beast hits you but does no damage.
You hit the sky beast.
The sky beast is severely wounded.
The sky beast flickers out of sight!
Deactivating autopickup; reactivate with Ctrl-A.
Something hits you.
* * * LOW HITPOINT WARNING * * *
Something shocks you.
* * * LOW HITPOINT WARNING * * *
It was a potion of curing.
You feel better. Something hits you.
* * * LOW HITPOINT WARNING * * *
Something shocks you.
* * * LOW HITPOINT WARNING * * *
You closely miss something. Something hits you.
* * * LOW HITPOINT WARNING * * *
Something shocks you.
You die...

♣.♣
♣.♣♣
♣♣.♣♣
♣♣.♣
♣.♣♣
♣.♣♣
♣..♣
♣♣.♣
♣@♣
♣♣♣.♣
♣...♣
♣...≈.♣
♣♣...♣♣
♣.♣♣ ♣.
♣


There were no monsters in sight!

Vanquished Creatures
  An adder (D:5)
  2 worms
  A dart slug (D:1)
  An orc (D:4)
  4 bats
  An endoplasm (D:1)
  5 hobgoblins
  7 jackals
  10 kobolds
  3 quokkas
  3 ball pythons
  A frilled lizard (D:1)
  2 goblins
  6 rats
47 creatures vanquished.

Notes
Turn   | Place    | Note
-------+----------+-------------------------------------------
     0 | D:1      | snetch the Hill Orc Monk began the quest for the Orb.
     0 | D:1      | Reached XP level 1. HP: 19/19 MP: 1/1
   130 | D:2      | Reached XP level 2. HP: 6/27 MP: 2/2
   578 | D:1      | Reached XP level 3. HP: 20/33 MP: 3/3
  1758 | D:4      | Reached skill level 5 in Axes
  1761 | D:4      | Reached XP level 4. HP: 39/40 MP: 4/4
  1792 | D:5      | Entered Level 5 of the Dungeon
  1802 | D:5      | Identified the +1 scale mail "Cuh Zoig" {+Fly rF+ rC-}
  1934 | D:5      | Noticed a sky beast
  1959 | D:5      | Slain by a sky beast

Illustrated notes

Levels and vault maps discovered:
D:1:      tarquinn_simple_flora_water_f, layout_loops_cross, minmay_cut_off
D:2:      layout_rooms, grunt_temple_overflow_open
D:3:      layout_rooms, yredelemnul_altar_generic,
          gammafunk_ghost_nasty_kobolds, kennysheep_cluttered_room
D:4:      layout_rooms, serial_curves, eino_curves_03, eino_curves_04,
          eino_curves_01, uniq_natasha, uniq_pikel
D:5:      kb_forest_paths, layout_basic, grunt_temple_overflow_opulence,
          portal_sewer_entry_f, kennysheep_decorative_pillar

Skill      XL: |  1  2  3  4 |
---------------+-------------+-----
Fighting       | 4 |  4.3
Axes           | 5 |  5.1
Stealth        | 2 |  2.0
Dodging        | |  2.8

Action                   |  1- 3 |  4- 6 || total
-------------------------+-------+-------++-------
Melee: Hand axe          |   168 |    24 ||   192
  Use: Potion            |       |     1 ||     1
 Stab: Sleeping          |     5 |       ||     5
Armor: Robe              |    17 |       ||    17
       Chain mail        |    18 |       ||    18
       Scale mail        |       |     8 ||     8
Dodge: Dodged            |   102 |    10 ||   112

Table legend: (Time is in decaauts)
 A = Elapsed time spent in this place.
 B = Non-inter-level travel time spent in this place.
 C = Inter-level travel time spent in this place.
 D = Time resting spent in this place.
 E = Time spent auto-exploring this place.
 F = Levels seen in this place.
 G = Mean time per level.
                   A        B        C        D        E       F      G
               +--------+--------+--------+--------+--------+-----+--------+
         Total |   1978 |   1936 |     42 |    210 |    956 |   5 |  395.6 |
       Dungeon |   1978 |   1936 |     42 |    210 |    956 |   5 |  395.6 |
               +--------+--------+--------+--------+--------+-----+--------+

Top non-repeatable levels by time:
     D:1: 1399 daAuts
     D:2: 292 daAuts
     D:5: 167 daAuts
     D:3: 66 daAuts
     D:4: 51 daAuts
